Map: Alcyone LE

Players

demzi

  • Race: Zerg Zerg
  • League: Diamond
  • Spawn Location: 7:00

Oca - Winner!

  • Race: Terran Terran
  • League: Diamond
  • Spawn Location: 1:00

VOD

Have the link to the VOD?

Description

Time

  • Played on: March 24, 2024, 1:03 p.m.
  • Length: 19:59
Show
View Real Time Build Order
Export as new Build Order

demzi Zerg 

Build Orders: Hatch First 

Get SALT Encoding   

  12  0:00  Drone  
  13  0:12  Overlord  
  13  0:19  Drone  
  14  0:32  Drone x2  
  16  0:49  Hatchery  
  15  0:52  Drone  
  15  0:55  Drone  
  17  0:59  Drone  
  18  1:11  Extractor  
  18  1:15  Spawning Pool  
  18  1:17  Drone  
  17  1:21  Drone  
  18  1:28  Drone  
  19  1:39  Drone  
  20  1:50  Overlord  
  20  2:03  Zergling x2  
  20  2:04  Zergling x2  
  20  2:07  Queen  
  24  2:16  Hatchery  
  23  2:32  Drone  
  23  2:33  Drone, Roach Warren, Extractor  
  23  2:34  Drone  
  23  2:36  Drone  
  25  2:40  Drone  
  26  2:52  Queen  
  28  3:03  Overlord  
  28  3:17  Overlord  
  28  3:32  Roach  
  28  3:33  Roach x4  
  28  3:34  Roach  
  40  3:41  Roach  
  42  3:49  Roach  
  42  3:51  Roach  
  42  3:54  Roach  
  48  4:01  Overlord  
  48  4:05  Roach  
  50  4:10  Roach  
  52  4:21  Roach x2  
  56  4:25  Roach  
  56  4:30  Roach  
  60  4:37  Overlord  
  57  5:15  Overlord  
  57  5:16  Overlord  
  57  5:17  Hatchery  
  55  5:45  Hatchery  
  52  5:59  Lair  
  52  6:32  Drone x14  
  66  6:36  Drone  
  68  6:40  Drone  
  68  6:50  Queen  
  70  7:02  Drone x4  
  70  7:03  Drone  
  70  7:05  Drone  
  76  7:18  Drone x7  
  83  7:27  Hydralisk Den  
  82  7:31  Evolution Chamber x2  
  82  7:32  Queen  
  82  7:34  Drone  
  82  7:35  Drone  
  84  7:37  Drone  
  85  7:46  Overlord x2  
  85  7:47  Overlord  
  85  7:51  Extractor, Drone  
  85  7:52  Drone  
  85  7:53  Extractor  
  85  7:57  Muscular Augments  
  85  8:00  Zerg Missile Weapons Level 1  
  85  8:01  Zerg Ground Armor Level 1  
  85  8:08  Extractor  
  85  8:10  Drone x2  
  85  8:11  Drone x3  
  85  8:12  Extractor, Drone x3  
  91  8:14  Drone x2  
  91  8:15  Drone  
  91  8:16  Drone  
  91  8:18  Drone  
  91  8:19  Drone  
  97  8:23  Queen  
  97  8:25  Overlord  
  99  8:27  Overlord  
  99  8:31  Overseer  
  99  8:32  Hydralisk  
  99  8:33  Hydralisk  
  103  8:36  Hydralisk  
  103  8:39  Overlord  
  105  8:44  Hydralisk x2  
  105  8:46  Hydralisk  
  111  8:48  Hydralisk  
  113  9:01  Infestation Pit  
  112  9:03  Baneling Nest  
  112  9:04  Hydralisk  
  112  9:05  Hydralisk x3  
  112  9:08  Hydralisk x2  
  123  9:11  Hydralisk  
  125  9:17  Hydralisk  
  125  9:18  Hydralisk  
  125  9:19  Hydralisk  
  125  9:21  Hydralisk  
  133  9:25  Overlord  
  133  9:27  Overlord  
  133  9:29  Overlord  
  133  9:41  Hive  
  133  9:47  Centrifugal Hooks  
  133  9:49  Overlord x3  
  133  9:50  Hydralisk x2  
  133  9:52  Hydralisk  
  137  9:58  Zerg Melee Weapons Level 1  
  139  10:00  Zerg Ground Armor Level 2  
  139  10:02  Overlord  
  139  10:11  Hydralisk  
  139  10:12  Zergling x2  
  139  10:13  Zergling x10  
  147  10:21  Zergling x12  
  148  10:22  Zergling x2  
  148  10:27  Overseer, Overlord  
  148  10:28  Overlord  
  154  10:42  Zergling x2  
  155  10:43  Zergling x22  
  166  10:53  Baneling  
  166  10:54  Baneling x16  
  166  10:55  Baneling x2  
  166  10:56  Baneling x2  
  166  10:57  Baneling  
  166  10:58  Baneling  
  166  10:59  Baneling  
  166  11:00  Baneling x2  
  166  11:16  Hydralisk  
  166  11:17  Hydralisk x6  
  180  11:20  Zergling x4  
  182  11:44  Grooved Spines  
  182  11:57  Zerg Melee Weapons Level 2  
  184  12:01  Roach x3  
  184  12:02  Zergling x24  
  200  12:50  Hatchery  
  188  15:14  Drone x8  
  188  15:15  Drone  
  188  15:16  Queen  
  199  15:25  Burrow  
  179  16:12  Hydralisk  
  179  16:13  Hydralisk x9  
  167  16:41  Spire  
  167  16:43  Extractor  
  167  16:46  Extractor  
  115  17:18  Hydralisk x6  
  115  17:19  Hydralisk x28  
  115  17:20  Hydralisk x5  
  129  17:31  Drone, Hydralisk x5  
  129  17:32  Hydralisk x2  
  144  17:39  Queen  
  144  17:43  Hydralisk  
  146  17:44  Hydralisk x4  
  151  17:57  Overseer x4  
  136  17:59  Hydralisk x9  
  140  18:30  Zergling x2  
  140  18:31  Zergling x34  
  158  18:44  Zergling x4, Hydralisk Den  
  158  18:45  Zergling x8  
  160  19:04  Corruptor x4  
  160  19:05  Corruptor x6  
Show
View Real Time Build Order
Export as new Build Order

Oca Terran - Winner!

Build Orders:  

Get SALT Encoding   

  12  0:00  SCV  
  13  0:12  SCV  
  14  0:17  Supply Depot  
  14  0:24  SCV  
  15  0:39  SCV  
  15  0:40  Barracks  
  16  0:51  SCV  
  17  1:03  SCV  
  18  1:15  SCV  
  19  1:25  Supply Depot  
  19  1:28  Marine  
  20  1:37  Orbital Command  
  20  1:47  Bunker  
  20  1:48  Bunker x2  
  20  1:49  Marine  
  20  1:54  Refinery  
  21  1:56  Refinery  
  21  2:03  SCV  
  21  2:07  Marine  
  23  2:25  Marine  
  23  2:27  SCV  
  25  2:39  SCV  
  26  2:44  Command Center  
  27  2:51  SCV  
  27  2:58  Factory  
  27  3:03  SCV  
  28  3:09  Supply Depot  
  28  3:15  SCV  
  29  3:27  SCV  
  30  3:42  Cyclone  
  30  3:44  Command Center  
  30  3:47  Starport  
  32  3:50  SCV  
  33  3:57  Orbital Command  
  33  4:04  SCV  
  34  4:15  Factory Tech Lab  
  34  4:16  Supply Depot  
  34  4:21  SCV  
  35  4:25  Starport Tech Lab  
  35  4:31  SCV  
  35  4:33  Siege Tank  
  35  4:36  SCV  
  40  4:48  SCV  
  40  4:51  Armory, SCV  
  42  4:53  Armory  
  42  5:05  Siege Tank  
  42  5:06  Banshee  
  44  5:14  Orbital Command  
  44  5:18  SCV  
  44  5:19  SCV  
  46  5:49  Banshee  
  52  5:50  SCV x3  
  52  5:59  Thor  
  58  6:11  Orbital Command  
  58  6:31  Banshee  
  61  6:45  Supply Depot x2, Engineering Bay  
  61  6:46  Supply Depot  
  61  6:48  Refinery  
  61  6:49  Refinery  
  61  6:52  SCV x3  
  64  6:55  Thor  
  70  7:04  SCV x2  
  70  7:05  SCV  
  73  7:14  Missile Turret  
  73  7:18  Missile Turret  
  73  7:21  Missile Turret  
  73  7:22  Missile Turret  
  73  7:24  Missile Turret  
  73  7:29  Banshee  
  76  7:31  Missile Turret  
  76  7:32  Missile Turret  
  76  7:33  Missile Turret  
  76  7:36  SCV  
  76  7:37  SCV x2  
  79  7:42  Siege Tank  
  82  7:48  SCV  
  82  7:49  SCV x2  
  85  7:51  Factory  
  85  7:54  Starport  
  85  8:01  SCV x2  
  87  8:05  Supply Depot  
  87  8:06  Supply Depot  
  87  8:08  Orbital Command, Supply Depot  
  87  8:15  Siege Tank  
  87  8:16  Banshee  
  87  8:18  Supply Depot  
  93  8:21  Cloaking Field  
  93  8:24  SCV  
  93  8:25  SCV  
  95  8:35  Starport Reactor, Factory Reactor  
  95  8:38  SCV x2  
  97  9:03  Missile Turret  
  97  9:04  Missile Turret  
  97  9:06  SCV x3  
  97  9:07  Missile Turret  
  97  9:08  Command Center  
  97  9:09  Refinery  
  100  9:10  Missile Turret  
  100  9:11  Refinery  
  100  9:13  Missile Turret  
  100  9:17  Missile Turret  
  100  9:18  SCV  
  100  9:21  Siege Tank, Sensor Tower, Missile Turret  
  100  9:22  Banshee, Hellion x2  
  100  9:23  Viking x2  
  115  9:34  Command Center  
  115  9:35  Hyperflight Rotors  
  115  9:37  Command Center  
  115  9:40  SCV x3  
  118  9:52  SCV  
  119  9:54  Terran Ship Weapons Level 1  
  119  9:55  Terran Vehicle Weapons Level 1  
  119  9:59  Siege Tank, Hellion  
  126  10:00  Viking, Hellion  
  128  10:20  Factory x2  
  128  10:21  Factory  
  128  10:23  Infernal Pre-Igniter  
  128  10:27  SCV x2  
  128  10:28  SCV  
  132  10:31  Planetary Fortress  
  131  10:56  Missile Turret  
  131  10:57  Orbital Command, Missile Turret x2  
  131  11:06  Planetary Fortress  
  131  11:09  Missile Turret  
  131  11:26  Orbital Command  
  131  11:40  Viking, Banshee  
  131  11:41  Viking, Factory Tech Lab  
  131  11:42  Factory Tech Lab x2  
  131  11:43  Siege Tank, Hellion  
  131  11:44  Hellion  
  145  11:57  Missile Turret x2  
  145  12:00  Missile Turret  
  145  12:03  Supply Depot  
  145  12:04  Missile Turret  
  145  12:06  Missile Turret  
  145  12:08  Missile Turret, Supply Depot  
  145  12:09  Missile Turret  
  145  12:10  Refinery  
  145  12:11  SCV x4  
  145  12:13  Refinery  
  149  12:19  Starport  
  149  12:22  Starport  
  149  12:25  Starport  
  149  12:29  Banshee  
  152  12:30  Viking x2  
  152  12:31  Siege Tank x2  
  152  12:32  Hellion  
  152  12:33  Hellion x3  
  170  12:55  Terran Vehicle Weapons Level 2, Terran Vehicle And Ship Armor Level 1  
  170  13:22  Supply Depot  
  170  13:25  Missile Turret  
  170  13:31  Hellion x5  
  170  13:33  Starport Tech Lab x3  
  180  13:40  Starport  
  180  13:43  Starport  
  180  13:44  Starport  
  180  13:47  Starport  
  180  14:04  Banshee x3  
  183  14:49  Terran Ship Weapons Level 2  
  175  15:01  Banshee  
  175  15:02  Starport Tech Lab x2, Banshee  
  175  15:03  Starport Tech Lab x2  
  175  15:04  Banshee  
  175  15:05  Viking, Banshee  
  175  15:06  Viking  
  185  15:07  Hellion x2  
  185  15:08  Hellion x4  
  197  15:14  Command Center  
  197  15:20  Command Center, Neosteel Armor  
  197  15:23  Terran Vehicle And Ship Armor Level 2  
  197  15:29  Fusion Core  
  197  15:30  Starport  
  197  15:35  Viking  
  198  16:30  Hellion x2  
  198  16:31  Hellion x4  
  188  16:34  Weapon Refit  
  188  16:35  Starport Tech Lab  
  188  16:55  Missile Turret  
  188  17:05  Terran Vehicle Weapons Level 3  
  147  17:38  Missile Turret  
  147  17:39  Missile Turret  
  147  17:44  Missile Turret  
  147  17:45  Planetary Fortress x2, Missile Turret  
  147  17:46  Missile Turret  
  147  17:47  Missile Turret  
  147  17:48  Missile Turret  
  147  17:57  Siege Tank  
  147  17:58  Hellion x5  
  160  17:59  Banshee x5  
  160  18:00  Viking x4  
  160  18:01  Viking  
  160  18:04  Missile Turret  
  160  18:05  Missile Turret  
  185  18:15  Missile Turret  
  176  18:31  Siege Tank  
  176  18:32  Siege Tank x2, Hellion  
  176  18:33  Hellion x2  
  191  18:54  Hellion  
  187  19:07  Unknown, Missile Turret  
  187  19:10  Missile Turret  
Tags
 
Matchup
TvZ
Replay Pack
Multiplayer
Spawn Locations
Cross Positions
Add a new tag
Caveats
  • Supply blocks, unpowered buildings, or Contaminate may cause inaccurate times.
  • Supply counts are checked every 10 seconds.